 Dungeon Sprint DCSS version 0.27.1 (webtiles) character file.

Game seed: 3134007430363789906

179 styxcanada the Covert (level 5, -6/28 HPs)
             Began as a Spriggan Brigand on Aug 22, 2021.
             Was an Initiate of Gozag.
             Mangled by a spriggan (15 damage)
             ... in the Dungeon (Sprint IV: "Fedhas' Mad Dash").
             The game lasted 00:01:31 (139 turns).

styxcanada the Covert (Spriggan Brigand)             Turns: 139, Time: 00:01:31

Health: -6/28      AC:  3    Str:  7    XL:     5   Next: 33%
Magic:  6/6        EV: 17    Int: 13    God:    Gozag
Gold:   139        SH:  0    Dex: 17    Spells: 4/4 levels left

rFire    . . .     SeeInvis +   a - +2 dagger
rCold    . . .     Faith    .   (shield restricted)
rNeg     . . .     Spirit   .   b - +0 robe
rPois    .         Reflect  .   (helmet restricted)
rElec    .         Harm     .   c - +0 cloak
rCorr    .         Rampage  .   (gloves unavailable)
Will     .....     NoTele   +   (boots unavailable)
Stlth    ++++++....             l - amulet of invisibility {+Inv}
HPRegen  0.09/turn              m - ring of wizardry
MPRegen  0.10/turn              (no ring)

@: very slightly contaminated, very quick
A: very small, no large weapons, unfitting armour, see invisible, speed 3
a: Renounce Religion, Evoke Invisibility, Potion Petition, Call Merchant, Bribe
Branch


You were in the Dungeon.
You worshipped Gozag.
Gozag was aware of your devotion.
You visited 1 branch You collected 139 gold pieces.

Inventory:

Hand Weapons
 a - a +2 dagger (weapon)
Missiles
 d - 3 poisoned darts (quivered)
 e - 2 curare-tipped darts
Armour
 b - a +0 robe (worn)
 c - a +0 cloak (worn)
Jewellery
 l - the amulet of invisibility (around neck) {+Inv}
   (You found it in the Dungeon)

   [amulet of nothing]

   +Inv:      It lets you turn invisible.
 m - a ring of wizardry (left hand)
Scrolls
 k - a scroll of blinking
Potions
 f - a potion of curing
 g - a potion of heal wounds
 h - a potion of haste
 i - 2 potions of magic
 j - a potion of berserk rage


   Skills:
 + Level 2.8 Fighting
 + Level 4.3 Short Blades
 + Level 4.7 Throwing
 + Level 1.9 Dodging
 + Level 14.1 Stealth
 + Level 1.4 Evocations


You had 4 spell levels left.
You didn't know any spells.
Your spell library was empty.

Dungeon Overview and Level Annotations

Branches:
Dungeon (1/1)

Altars:
Cheibriados
Dithmenos
Elyvilon
Gozag
Hepliaklqana
Kikubaaqudgha
Makhleb
Nemelex Xobeh
Okawaru
Qazlal
Ru
Sif Muna
Trog
Uskayaw
Vehumet
Wu Jian
Xom
Yredelemnul
Zin
The Shining One
Beogh
Jiyva
Lugonu


Innate Abilities, Weirdness & Mutations

You are very small and have problems with some larger weapons.
You are too small for most types of armour.
You have supernaturally acute eyesight. (SInv)
You cover ground extremely quickly. (Speed+++)


Message History

You see here a potion of curing.
Throw: 7 darts (poison)
Press: ? - help, Q - select action, (/) - cycle Shift-Dir - straight line, f/p - spriggan
Aim: a spriggan, wielding a +0 rapier and wearing a +0 robe (36% to hit)
You throw a poisoned dart. The poisoned dart hits the spriggan.
The spriggan is poisoned.
The spriggan hits you with a +0 short sword!
Ouch! That really hurt!
You flicker for a moment.
There is an open door here.
There is a corrupted altar of Lugonu here.
Throw: 6 darts (poison)
Press: ? - help, Q - select action, (/) - cycle Shift-Dir - straight line, f/p - spriggan
Aim: a spriggan, wielding a +0 rapier and wearing a +0 robe (36% to hit)
You throw a poisoned dart. The poisoned dart hits the spriggan.
The spriggan looks even sicker.
The spriggan hits you with a +0 short sword.
* * * LOW HITPOINT WARNING * * *
There is an ancient bone altar of Kikubaaqudgha here.
You flicker back into view.
There is a viscous altar of Jiyva here.
The spriggan is distracted by your dazzling golden aura.
There is a hazy altar of Hepliaklqana here.
Throw: 5 darts (poison)
Press: ? - help, Q - select action, (/) - cycle Shift-Dir - straight line, f/p - spriggan
Aim: a spriggan, wielding a +0 rapier and wearing a +0 robe (unaware, hasn't noticed you, 36% to hit)
You throw a poisoned dart.
The poisoned dart barely misses the spriggan.
The poisoned dart hits the spriggan.
The spriggan is poisoned.
The spriggan is no longer distracted by gold.
The spriggan closely misses you.
There is an opulent altar of Gozag here.
Throw: 4 darts (poison)
Press: ? - help, Q - select action, (/) - cycle Shift-Dir - straight line, f/p - spriggan
Aim: a spriggan, wielding a +0 rapier and wearing a +0 robe (moderately wounded, poisoned, 36% to hit)
You throw a poisoned dart. The poisoned dart misses the spriggan.
The spriggan hits you with a +0 short sword!
Ouch! That really hurt!
You die...
Your body crumbles into a pile of gold.

#################################
.P#....†#.....#.⌠i_._._._.⌠.#.!'$
.†'.)...'.#.).'.@i._._(_._..'.(#$
PP#.....#.#...#..._._._._...#..##
############+##.._._._._._..#.$#
#._._._._._.⌠.#### $
$############### $


$$$$ $$ $ You could see 2 spriggans.

Vanquished Creatures
  A scorpion (D)
  3 oklob saplings (D)
  A river rat (D)
  A rat (D)
6 creatures vanquished.

Notes
Turn   | Place    | Note
-------+----------+-------------------------------------------
     0 | D        | styxcanada the Spriggan Brigand began the quest for the
                  | Orb.
     0 | D        | Reached XP level 1. HP: 10/10 MP: 2/2
    11 | D        | Reached skill level 7 in Stealth
    11 | D        | Reached XP level 2. HP: 15/15 MP: 3/3
    33 | D        | Noticed an oklob sapling
    35 | D        | Killed an oklob sapling
    36 | D        | Reached skill level 9 in Stealth
    36 | D        | Reached XP level 3. HP: 18/18 MP: 4/4
    37 | D        | Noticed a scorpion
    37 | D        | Found the amulet of invisibility {+Inv}
    39 | D        | Killed a scorpion
    40 | D        | Reached skill level 12 in Stealth
    40 | D        | Reached XP level 4. HP: 23/23 MP: 5/5
    61 | D        | Found an opulent altar of Gozag.
    61 | D        | Found a hazy altar of Hepliaklqana.
    61 | D        | Found a burning altar of Makhleb.
    61 | D        | Found a sparkling altar of Nemelex Xobeh.
    61 | D        | Found a snail-covered altar of Cheibriados.
    61 | D        | Found a sacrificial altar of Ru.
    61 | D        | Found a shimmering blue altar of Sif Muna.
    61 | D        | Found a shimmering altar of Xom.
    61 | D        | Found a basalt altar of Yredelemnul.
    62 | D        | Found a viscous altar of Jiyva.
    62 | D        | Found a bloodstained altar of Trog.
    62 | D        | Found an ornate altar of the Wu Jian Council.
    63 | D        | Found an iron altar of Okawaru.
    63 | D        | Found a shadowy altar of Dithmenos.
    63 | D        | Found a glowing silver altar of Zin.
    64 | D        | Found an ancient bone altar of Kikubaaqudgha.
    64 | D        | Found a hide-covered altar of Uskayaw.
    65 | D        | Found a stormy altar of Qazlal.
    65 | D        | Found a white marble altar of Elyvilon.
    65 | D        | Found a glowing golden altar of the Shining One.
    66 | D        | Became a worshipper of Gozag Ym Sagoz the Greedy
    67 | D        | Found a corrupted altar of Lugonu.
    67 | D        | Found a radiant altar of Vehumet.
    71 | D        | Reached skill level 13 in Stealth
    71 | D        | Reached XP level 5. HP: 27/27 MP: 3/6
   113 | D        | Reached skill level 14 in Stealth
   113 | D        | Reached skill level 1 in Evocations
   139 | D        | Mangled by a spriggan

Illustrated notes

Levels and vault maps discovered:
D:        dungeon_sprint_fedhas [sprint_temple]

Skill      XL: |  1  2  3  4  5 |
---------------+----------------+-----
Stealth        | 7 9 12 13 14 | 14.1
Fighting       | 2 |  2.8
Short Blades   | 3 4 |  4.3
Throwing       | 3 4 |  4.7
Evocations     | 1 |  1.4
Dodging        | |  1.9

Action                   |  1- 3 |  4- 6 || total
-------------------------+-------+-------++-------
Melee: Dagger            |     3 |     3 ||     6
Throw: Dart              |     4 |     5 ||     9
 Abil: Evoke Invisibilit |       |     2 ||     2
 Stab: Sleeping          |     3 |     2 ||     5
Dodge: Dodged            |       |     3 ||     3
